 Dungeon Crawl Stone Soup version 0.14-a0-1739-g6c2808e (webtiles) character file.

259 HollowCharge the Slasher (level 4, 0/38 HPs)
             Began as a Demigod Warper on Jan 4, 2014.
             Slain by a kobold
             ... wielding a +0,+0 club
              (2 damage)
             ... on Level 3 of the Dungeon.
             The game lasted 00:11:26 (3308 turns).

HollowCharge the Slasher (Demigod Warper)           Turns: 3308, Time: 00:11:26

HP   0/38        AC  4     Str 15      XL: 4   Next: 84%
MP   8/9         EV 11     Int 18      God:
Gold 109         SH  0     Dex 16      Spells:  2 memorised,  2 levels left

rFire  . . .     SeeInvis .     t - +0 falchion
rCold  . . .     Clarity  .     b - +0 leather armour
rNeg   . . .     Conserve .     (no shield)
rPois  .         rCorr    .     (no helmet)
rElec  .         rRot     .     (no cloak)
SustAb . .       Spirit   .     (no gloves)
rMut   .         Warding  .     r - +0 pair of boots
Saprov . . .     Stasis   .     (no amulet)
                                (no ring)
                                (no ring)

@: slightly resistant to hostile enchantments, unstealthy
A: no striking features
a: no special abilities


You were on level 3 of the Dungeon.
You were starving.

You visited 1 branch of the dungeon, and saw 3 of its levels.

You collected 109 gold pieces.

Inventory:

Hand weapons
 a - a +0,+0 falchion
 t - a +0,+0 falchion (weapon)
Missiles
 e - 15 darts (quivered)
 f - 10 darts of dispersal
Armour
 b - a +0 leather armour (worn)
 r - a +0 pair of boots (worn)
Magical devices
 s - a wand of heal wounds (6) {unknown}
Comestibles
 g - 2 bread rations
 m - an apple
 q - a choko
Scrolls
 d - a scroll of blinking
 h - a scroll of amnesia
 k - a scroll of fog {unknown}
 l - 2 scrolls of enchant armour {unknown}
 n - 3 scrolls of identify {unknown}
 o - 2 scrolls of remove curse {unknown}
Jewellery
 v - an uncursed ring of sustenance {unknown}
Potions
 i - 2 potions of flight {unknown}
 j - a potion of brilliance {unknown}
 p - a potion of heal wounds {unknown}
 w - a potion of might {unknown}
 x - a potion of lignification {unknown}
 z - a potion of curing {unknown}
 A - a potion of restore abilities {unknown}
 B - 2 potions of degeneration {unknown}
Books
 c - a book of Spatial Translocations

   Spells                             Type                      Level
   Apportation                        Translocation                1
   Portal Projectile                  Translocation                2
   *Blink                             Translocation                2
   *Shroud of Golubria                Charms/Translocation         2
   Teleport Other                     Translocation                3
   Passage of Golubria                Translocation                4


   Skills:
 + Level 3.4 Fighting
 + Level 3.7 Long Blades
 - Level 0.8 Throwing
 - Level 0.8 Armour
 - Level 1.7 Dodging
 - Level 1.7 Spellcasting
 - Level 2.6 Translocations


You had 2 spell levels left.
You knew the following spells:

 Your Spells              Type           Power        Failure   Level  Hunger
a - Shroud of Golubria    Chrm/Tloc      #.........   17%         2    ###....
b - Blink                 Tloc           N/A          12%         2    ###....


Dungeon Overview and Level Annotations

Branches:
Dungeon (3/16)


Message History

The hobgoblin hits you with a club.
* * * LOW HITPOINT WARNING * * *
The kobold hits you with a club.
* * * LOW HITPOINT WARNING * * *
You hit the hobgoblin.
The hobgoblin is severely wounded.
The hobgoblin barely misses you. The kobold hits you with a club.
* * * LOW HITPOINT WARNING * * *
You closely miss the hobgoblin.
The hobgoblin is severely wounded.
The hobgoblin hits you but does no damage.
The kobold closely misses you.
Casting: Blink
Confirm with . or Enter, or press ? or * to list all spells.
You don't have the energy to cast that spell.
You closely miss the hobgoblin.
The hobgoblin is severely wounded.
The hobgoblin hits you but does no damage.
The kobold hits you with a club.
You die...

#.# ..# #ยง# .#
#g# . #.# ### #
#.# #.. .. #.#
#.# .# #.# #.#
..###
#g###.##.......
#gK@g......#
#.###)###.##
#.# #.# #.###.#
#.....# #####.#
#(# #(# #.# #.#


You could see 2 gnolls, a hobgoblin and a kobold.

Vanquished Creatures
  2 orc wizards (D:3)
  2 adders
  A gnoll (D:3)
  4 giant geckos
  An orc (D:3)
  8 bats
  4 giant cockroaches
  4 goblins
  8 hobgoblins
  3 jackals (D:1)
  13 kobolds
  4 oozes (D:3)
  3 giant newts
  5 rats
62 creatures vanquished.

Notes
Turn   | Place    | Note
--------------------------------------------------------------
     0 | D:1      | HollowCharge, the Demigod Warper, began the quest for the Orb.
     0 | D:1      | Reached XP level 1. HP: 17/17 MP: 3/3
   262 | D:1      | Reached XP level 2. HP: 18/24 MP: 4/4
   867 | D:1      | Learned a level 2 spell: Blink
  1224 | D:1      | Reached XP level 3. HP: 24/30 MP: 7/7
  1810 | D:2      | Reached skill level 3 in Long Blades
  2530 | D:3      | Learned a level 2 spell: Shroud of Golubria
  2551 | D:3      | Reached XP level 4. HP: 33/38 MP: 9/9
  3308 | D:3      | Slain by a kobold

Action                   |  1- 3 |  4- 6 || total
-------------------------+-------+-------++-------
Melee: Falchion          |   198 |    74 ||   272
 Cast: Blink             |       |     3 ||     3
  Use: Scroll            |     1 |       ||     1
 Stab: Sleeping          |     1 |       ||     1
